Map: Oxide LE

Players

FernrirDP

  • Race: Terran Terran
  • Spawn Location: 1:00

ViBE - Winner!

  • Race: Zerg Zerg
  • League: Bronze
  • Spawn Location: 7:00

VOD

Have the link to the VOD?

Description

Time

  • Played on: March 9, 2021, 7:29 p.m.
  • Length: 19:26
Show
View Real Time Build Order
Export as new Build Order

FernrirDP Terran 

Build Orders: Reaper Expand 

Get SALT Encoding   

  12  0:02  SCV  
  13  0:14  SCV  
  14  0:26  SCV  
  15  0:34  Supply Depot  
  15  0:47  Supply Depot  
  15  0:48  Refinery  
  15  0:56  SCV  
  16  1:00  Barracks  
  16  1:08  SCV  
  17  1:20  SCV  
  18  1:32  SCV  
  19  1:48  Orbital Command  
  19  1:52  Reaper, Engineering Bay  
  20  2:04  Refinery  
  20  2:25  Command Center  
  20  2:39  Bunker  
  20  2:41  SCV  
  21  2:52  Supply Depot  
  21  2:53  SCV  
  22  3:13  Marine  
  22  3:14  Supply Depot  
  23  3:20  Missile Turret  
  23  3:30  Marine  
  24  3:48  Marine  
  25  4:01  SCV  
  25  4:02  Refinery  
  26  4:06  Marine  
  27  4:13  SCV  
  28  4:42  Barracks Tech Lab  
  28  4:49  SCV  
  28  4:51  Barracks  
  29  4:57  Factory  
  29  5:02  SCV  
  30  5:14  SCV x2  
  32  5:27  SCV  
  33  5:35  Marauder  
  35  5:36  Missile Turret  
  35  5:50  Hellion  
  35  5:54  Missile Turret  
  35  5:56  Marine  
  38  6:08  Starport  
  38  6:12  Hellion  
  38  6:14  Marine  
  41  6:21  Refinery  
  41  6:31  Marine  
  42  6:33  Hellion  
  44  6:41  Starport  
  44  6:45  Concussive Shells  
  44  6:50  Fusion Core  
  44  6:54  SCV, Hellion  
  47  7:06  SCV  
  48  7:10  Marine  
  49  7:16  Hellion  
  49  7:17  Barracks Reactor  
  51  7:23  Liberator  
  51  7:27  Marine  
  55  7:37  Widow Mine  
  55  7:40  Armory  
  57  7:45  Marine  
  57  7:48  Missile Turret  
  58  7:52  SCV  
  59  8:03  Marine  
  59  8:04  SCV  
  61  8:06  Viking  
  61  8:08  Factory Tech Lab  
  61  8:09  Missile Turret  
  61  8:12  Starport Tech Lab  
  63  8:21  Marine  
  65  8:27  SCV  
  65  8:36  Viking  
  65  8:39  SCV  
  68  9:05  Bunker  
  65  9:39  Siege Tank  
  68  9:51  Factory  
  68  10:11  Siege Tank  
  68  10:12  Marauder  
  73  10:34  Marauder  
  75  10:42  Factory Tech Lab  
  75  10:44  Siege Tank  
  78  10:54  Command Center  
  78  11:41  Bunker  
  78  11:43  Marauder, Siege Tank  
  82  12:04  Marauder  
  83  12:23  Siege Tank  
  83  12:26  Marauder  
  21  13:42  Starport Tech Lab  
  2  14:54  Starport Tech Lab  
Show
View Real Time Build Order
Export as new Build Order

ViBE Zerg - Winner!

Build Orders: Hatch First 

Get SALT Encoding   

  12  0:02  Drone  
  13  0:15  Overlord  
  13  0:24  Drone  
  14  0:39  Drone x3  
  17  0:55  Hatchery  
  16  1:01  Drone  
  16  1:04  Drone  
  18  1:21  Spawning Pool  
  18  1:23  Drone x2  
  19  1:33  Drone  
  20  1:43  Extractor  
  19  1:53  Drone  
  20  2:00  Drone  
  21  2:12  Queen  
  21  2:13  Queen  
  25  2:20  Overlord  
  25  2:26  Drone  
  25  2:27  Drone x2  
  28  2:49  Drone  
  28  2:50  Drone x4  
  33  3:17  Drone x3  
  33  3:19  Lair  
  36  3:24  Overlord  
  36  3:26  Overlord  
  36  3:36  Overlord  
  36  3:41  Queen  
  36  3:46  Drone  
  36  3:47  Drone x8  
  47  3:57  Roach Warren  
  47  4:02  Evolution Chamber  
  45  4:04  Extractor, Drone  
  45  4:05  Drone x3  
  45  4:06  Extractor  
  47  4:33  Drone  
  48  4:40  Glial Reconstitution  
  48  4:42  Zerg Missile Weapons Level 1  
  48  4:46  Hatchery  
  47  5:01  Roach  
  47  5:02  Roach x5  
  59  5:08  Overlord  
  59  5:09  Overlord x5  
  59  5:30  Drone x6  
  65  5:36  Drone x3  
  65  5:39  Drone  
  69  5:48  Evolution Chamber  
  69  5:49  Drone x2  
  70  6:06  Drone  
  70  6:07  Drone x7  
  78  6:16  Queen  
  80  6:21  Drone x4  
  84  6:31  Extractor  
  84  6:32  Extractor, Drone x3  
  85  6:33  Extractor  
  85  6:36  Hydralisk Den  
  83  6:41  Zerg Missile Weapons Level 2  
  83  6:43  Zerg Ground Armor Level 1  
  83  7:06  Drone  
  84  7:12  Drone x3  
  87  7:15  Hydralisk  
  87  7:16  Hydralisk x7  
  87  7:21  Hatchery  
  102  7:33  Overlord  
  102  7:34  Overlord x4  
  102  7:37  Grooved Spines  
  102  7:43  Infestation Pit  
  101  7:53  Hydralisk x11  
  101  7:54  Hydralisk  
  125  8:24  Overlord x8  
  125  8:27  Hive  
  125  8:49  Muscular Augments  
  125  8:53  Drone  
  125  8:54  Drone x11  
  137  9:00  Extractor x2, Drone  
  137  9:01  Drone x6  
  143  9:02  Drone  
  143  9:03  Drone x2  
  145  9:14  Hatchery  
  145  9:16  Zerg Ground Armor Level 2  
  144  9:17  Hydralisk x6  
  147  10:08  Drone  
  147  10:09  Drone  
  149  10:15  Drone x2  
  149  10:16  Drone x3  
  154  10:26  Drone  
  155  10:35  Hydralisk, Zerg Missile Weapons Level 3  
  155  10:36  Hydralisk x12  
  181  11:00  Hydralisk x8  
  181  11:01  Hydralisk  
  199  11:52  Hatchery  
  148  12:48  Hydralisk x20  
  148  12:49  Hydralisk x13  
  196  12:53  Zerg Ground Armor Level 3  
  182  13:21  Hydralisk x9  
  198  15:49  Spire  
  195  17:14  Corruptor x2  
  185  17:24  Corruptor x7  
  199  18:42  Extractor  
  199  18:44  Extractor  
Tags
 
League
Bronze
Matchup
TvZ
Player
ViBE
Spawn Locations
Cross Positions
Add a new tag
Caveats
  • Supply blocks, unpowered buildings, or Contaminate may cause inaccurate times.
  • Supply counts are checked every 10 seconds.